 Dungeon Crawl Stone Soup version 0.30-a0-459-g9104f0fc43 (webtiles) character file.

Game seed: 2700848141926001246

58 Cancer the Digger (level 4, 0/24 HPs)
             Began as a Gargoyle Earth Elementalist on Dec 16, 2022.
             Killed from afar by Sigmund (5 damage)
             ... with a puff of flame
             ... on level 2 of the Dungeon.
             The game lasted 00:03:01 (1721 turns).

Cancer the Digger (Gargoyle Earth Elementalist)     Turns: 1721, Time: 00:03:01

Health: 0/24       AC:  6    Str: 12    XL:     4   Next: 1%
Magic:  5/8        EV: 11    Int: 17    God:
Gold:   23         SH:  0    Dex: 10    Spells: 7/8 levels left

rFire   . . .      SeeInvis .    (no weapon)
rCold   . . .      Faith    .    (no shield)
rNeg    + . .      Spirit   .    a - +0 robe
rPois   ∞          Reflect  .    f - +0 helmet
rElec   +          Harm     .    (no cloak)
rCorr   .          Rampage  .    (no gloves)
Will    .....                    (no boots)
Stlth   ++........               (no amulet)
HPRegen 0.24/turn                (no ring)
MPRegen 0.11/turn                (no ring)

@: no status effects
A: sickness immunity, AC +3, negative energy resistance 1, electricity
resistance, torment resistance 1, petrification resistance
a: no special abilities


You were on level 2 of the Dungeon.
You visited 1 branch of the dungeon, and saw 2 of its levels.

You collected 23 gold pieces.

Inventory:

Armour
 a - a +0 robe (worn)
 f - a +0 helmet (worn)
Scrolls
 c - 6 scrolls of identify {unknown}
 d - a scroll of enchant armour {unknown}
Potions
 b - a potion of magic
 e - a potion of flight {unknown}
 g - a potion of attraction {unknown}


   Skills:
 - Level 1.5 Dodging
 - Level 2.1 Stealth
 + Level 2.7 Spellcasting
 + Level 2.0 Conjurations
 - Level 0.7 Transmutations
 + Level 4.4 Earth Magic


You had 7 spell levels left.
You knew the following spells:

 Your Spells              Type           Power      Damage    Failure   Level
a - Sandblast             Erth           34%        2d9       3%          1

Your spell library contained the following spells:

 Spells                   Type           Power      Damage    Failure   Level
 Passwall                 Tmut/Erth      9%         N/A       10%         2
 Stone Arrow              Conj/Erth      26%        3d8       14%         3
 Summon Small Mammal      Summ           8%         N/A       19%         1
 Call Canine Familiar     Summ           2%         N/A       47%         3
 Summon Guardian Golem    Hex/Summ       2%         N/A       47%         3
 Petrify                  Tmut/Erth      11%        N/A       52%         4


Dungeon Overview and Level Annotations

Branches:
Dungeon (2/15)

Altars:

Annotations:
D:2 Sigmund


Innate Abilities, Weirdness & Mutations

You are immune to sickness and miasma.
Your stone body is resilient. (AC +3)
You are immune to poison.
You resist negative energy. (rN+)
You are resistant to electric shocks. (rElec)
You are resistant to unholy torment.
You are immune to petrification.


Message History

Sigmund is severely wounded.
Sigmund closely misses you.
Casting: Sandblast (safe; 3% risk of failure)
Confirm with . or Enter, or press ? or * to list all spells.
Aiming: Sandblast (safe; 3% risk of failure)
Press: ? - help, Shift-Dir - straight line, f/p - Sigmund
Aim: Sigmund, wielding a +0 scythe of protection and wearing a +0 robe (severely wounded, 80% to hit)
The blast of sand hits Sigmund but does no damage.
Sigmund is severely wounded.
Sigmund points at you and mumbles some strange words.
You are confused.
Sigmund hits you but does no damage.
Unknown command.
Unknown command.
Sigmund gestures at you while chanting.
You are more confused.
Sigmund hits you from afar with a +0 scythe of protection.
The worm closely misses you.
You're too confused to move!
Sigmund misses you.
You're too confused to move!
The worm closely misses you. Sigmund barely misses you. The worm bites you.
Sigmund barely misses you.
You feel less confused.
Sigmund casts a spell.
Sigmund flickers and vanishes!
There is an open door here.
Something tries to affect you, but you resist.
A magic dart appears from out of thin air!
The magic dart hits you.
You are confused.
You bump into the rock wall.
You bump into the rock wall.
You're too confused to move!
You feel less confused. Something hits you!
* * * LOW HITPOINT WARNING * * *
You hear some strange, mumbled words.
A puff of flame appears from out of thin air!
The puff of flame hits you.
You die...

#######.#<#####.### ###
#.....#.....# #...# ...
#.###.###.#.# ###.# #.###.# #.#.#
#.# #.#.#.###.#.#####.#
#...#.##..#....##.# ##
###.#.##.#####.##.#
.############.#.#.....##.##.#
..w.......w...{.@.......>##.#
.########..)..#.#.#.#.##.##.# .#
####.#####.#.#.#.##.##.# ###
#........#...#.#....##.# ..#
#........#####.##..###.#####
..####........# #.....# #.#....
....#####)).### ###.### #.#.##.
.##.#####.#.########....# #...##.
.##.....).#...........#.#######.#


You could see a worm.

Vanquished Creatures
  Robin (D:2)
  A worm (D:2)
  A dart slug (D:1)
  2 endoplasms (D:1)
  3 giant cockroaches (D:1)
  5 hobgoblins
  3 quokkas (D:1)
  2 ball pythons
  3 bats (D:1)
  4 frilled lizards (D:1)
  8 goblins
  2 kobolds
  6 rats (D:1)
41 creatures vanquished.

Notes
Turn   | Place    | Note
-------+----------+-------------------------------------------
     0 | D:1      | Cancer the Gargoyle Earth Elementalist began the quest for
                  | the Orb.
     0 | D:1      | Reached XP level 1. HP: 10/10 MP: 3/3
   203 | D:1      | Reached XP level 2. HP: 10/15 MP: 0/5
   371 | D:1      | Reached skill level 1 in Conjurations
   408 | D:1      | Reached skill level 4 in Earth Magic
   758 | D:1      | Reached XP level 3. HP: 19/19 MP: 4/6
  1198 | D:2      | Noticed Robin
  1262 | D:2      | Killed Robin
  1351 | D:2      | Reached XP level 4. HP: 24/24 MP: 6/8
  1484 | D:2      | Found a faded altar of an unknown god.
  1555 | D:2      | Noticed Sigmund
  1721 | D:2      | Killed from afar by Sigmund

Illustrated notes

Levels and vault maps discovered:
D:1:      wander_arrival_lonely_grave, layout_basic
D:2:      layout_basic, chequers_ecumenical_altar_twisty, uniq_robin,
          uniq_sigmund

Skill      XL: |  1  2  3 |
---------------+----------+-----
Conjurations   | 1 2 |  2.0
Earth Magic    | 4 |  4.4
Dodging        | |  1.5
Stealth        | |  2.1
Spellcasting   | |  2.7
Transmutations | |  0.7

Action                   |  1- 3 |  4- 6 || total
-------------------------+-------+-------++-------
Melee: Unarmed           |    23 |     2 ||    25
 Cast: Sandblast         |    56 |    17 ||    73
Armor: Robe              |    25 |     3 ||    28
Dodge: Dodged            |    30 |    17 ||    47

Table legend: (Time is in decaauts)
 A = Elapsed time spent in this place.
 B = Non-inter-level travel time spent in this place.
 C = Inter-level travel time spent in this place.
 D = Time resting spent in this place.
 E = Time spent auto-exploring this place.
 F = Levels seen in this place.
 G = Mean time per level.
                   A        B        C        D        E       F      G
               +--------+--------+--------+--------+--------+-----+--------+
         Total |   1757 |   1731 |     26 |      0 |   1336 |   2 |  878.5 |
       Dungeon |   1757 |   1731 |     26 |      0 |   1336 |   2 |  878.5 |
               +--------+--------+--------+--------+--------+-----+--------+

Top non-repeatable levels by time:
     D:1: 1068 daAuts
     D:2: 688 daAuts
